 Dungeon Crawl Stone Soup version 0.21.1-1-g345015f (webtiles) character file.

29404 sking99 the Basher (level 13, 0/178 HPs)
             Began as a Minotaur Berserker on June 23, 2018.
             Was the Champion of Trog.
             Slain by a dire elephant (22 damage)
             ... on level 3 of the Lair of Beasts.
             The game lasted 00:38:38 (13153 turns).

sking99 the Basher (Minotaur Berserker)            Turns: 13153, Time: 00:38:38

Health: 0/178      AC: 16    Str: 27    XL:     13   Next: 15%
Magic:  15/15      EV: 17    Int:  4    God:    Trog [******]
Gold:   781        SH:  5    Dex: 18    Spells: 12/12 levels left

rFire    . . .     SeeInvis .   i - +4 great mace (holy)
rCold    . . .     Gourm    .   (shield currently unavailable)
rNeg     + . .     Faith    .   J - +2 chain mail "Baifyxeunk" {+Blink}
rPois    .         Spirit   .   (helmet restricted)
rElec    .         Reflect  +   (no cloak)
rCorr    .         Harm     .   N - +0 pair of gloves {Dex+3}
MR       +++..                  (no boots)
Stlth    ..........             g - +5 amulet of reflection
HPRegen  1.39/turn              k - ring of positive energy
MPRegen  0.14/turn              C - ring of protection from magic

@: berserking, regenerating, very quick
A: retaliatory headbutt, horns 2
a: Berserk, Trog's Hand, Brothers in Arms, Burn Spellbooks, Renounce Religion,
Evoke Blink


You were on level 3 of the Lair of Beasts.
You worshipped Trog.
Trog was exalted by your worship.
You were very hungry.

You visited 2 branches of the dungeon, and saw 13 of its levels.
You also visited: Ossuary.

You collected 781 gold pieces.

Inventory:

Hand Weapons
 i - a +4 great mace of holy wrath (weapon)
 q - a +3 dire flail of protection
Armour
 J - the +2 chain mail "Baifyxeunk" (worn) {+Blink}
   (You found it on level 9 of the Dungeon)

   It lets you blink.
 N - a +0 pair of gloves of dexterity (worn)
Jewellery
 g - a +5 amulet of reflection (around neck)
 k - a ring of positive energy (left hand)
 p - an uncursed ring of flight
 C - a ring of protection from magic (right hand)
Wands
 D - a wand of disintegration (17)
 F - a wand of flame (56)
 G - a wand of iceblast (14)
 L - a wand of random effects (32)
 M - a wand of acid (9)
Scrolls
 a - a scroll of random uselessness {unknown}
 d - 7 scrolls of identify
 e - 6 scrolls of teleportation
 m - 2 scrolls of enchant weapon
 w - a scroll of vulnerability {unknown}
 x - a scroll of magic mapping {unknown}
 y - 5 scrolls of remove curse
 A - 2 scrolls of fear
 B - 2 scrolls of torment {unknown}
 I - a scroll of blinking
 O - a scroll of summoning {unknown}
Potions
 b - a potion of berserk rage {unknown}
 f - 2 potions of might {unknown}
 h - 2 potions of brilliance
 j - 5 potions of curing {unknown}
 l - 3 potions of lignification {unknown}
 n - a potion of mutation {unknown}
 o - 2 potions of degeneration {unknown}
 r - 2 potions of resistance
 t - a potion of flight {unknown}
 u - 2 potions of invisibility {unknown}
 v - 2 potions of haste {unknown}
 z - 4 potions of ambrosia {unknown}
 E - 2 potions of agility {unknown}
Books
 s - a book of Cantrips

   Spells                             Type                      Level
   a - Confusing Touch                Hexes                        1
   b - Animate Skeleton               Necromancy                   1
   c - Summon Small Mammal            Summoning                    1
   d - Apportation                    Translocation                1
   Trog disapproves of the use of such an item.
Miscellaneous
 H - a phantom mirror
 K - a lightning rod (4/4)
Comestibles
 c - 26 rations
 P - 10 chunks of flesh


   Skills:
 - Level 12.7 Fighting
 + Level 14.7 Maces & Flails
 - Level 12.4 Armour
 - Level 11.6 Dodging
 - Level 4.4 Evocations


You had 12 spell levels left.
You didn't know any spells.

Dungeon Overview and Level Annotations

Branches:
Dungeon (10/15)            Temple (0/1) D:4            Lair (3/6) D:8
 Spider (0/4) Lair:2          Orc (0/2) D:9
  Swamp: Lair:2-4    Shoals: Lair:2-4

Altars:
Hepliaklqana

Shops:
D:4 [   D:7 }


Innate Abilities, Weirdness & Mutations

You reflexively headbutt those who attack you in melee.
You have a pair of horns on your head.


Message History

Okay, then.
You hit the dire elephant.
The dire elephant is moderately wounded.
The yak gores you but does no damage. The dire elephant tramples you!
* * * LOW HITPOINT WARNING * * *
You hold your ground!
The dire elephant misses you.
A red film seems to cover your vision as you go berserk!
You feel yourself moving faster!
You feel mighty!
You are feeling very hungry.
The yak misses you.
The dire elephant tramples you but does no damage.
The dire elephant trunk-slaps you but does no damage.
You sock the dire elephant!
You headbutt the dire elephant, but do no damage.
The dire elephant is heavily wounded.
The yak misses you. You furiously retaliate!
You headbutt the yak. You thump the dire elephant!
You headbutt the dire elephant!!
The dire elephant is severely wounded.
The dire elephant tramples you!!
You die...

...÷.>...................
###÷...............(.....
#.#......................
......>......$...........
.........................
.........................
.........................
.........P........†......
#.......P###.#.P@Y†......
.......###.$#.+##Y.#..###
#.!....# ..... #...#..#
........#..... #........
#......#...... #...#....
.......##... #..#.....
........# #..#.#.##
#......#.. #....# .
#......#..


You could see a dire elephant and a yak.

Vanquished Creatures
  Rupert (Lair:3)
  A hydra (Lair:3)
  A queen ant (Lair:3)
  An oklob plant (Lair:1)
  An ugly thing (D:9)
  Maurice (D:10)
  17 elephants (Lair:3)
  Joseph (D:8)
  3 spiny frogs
  2 komodo dragons
  A troll (D:10)
  Grinder (D:6)
  4 blink frogs (Lair:3)
  5 hippogriffs
  3 redbacks (Lair:2)
  23 yaks
  2 basilisks (Lair:1)
  Edmund (D:4)
  19 soldier ants (Lair:3)
  3 water moccasins
  7 porcupines
  An ice beast (D:5)
  3 orc warriors
  2 sky beasts
  A boggart (D:9)
  8 wolves
  2 centaurs
  12 crocodiles
  8 ogres
  2 big kobolds (D:10)
  13 bullfrogs
  2 scorpions (D:5)
  A jelly (D:7)
  5 killer bees (D:7)
  5 wights
  A howler monkey (D:8)
  An electric eel (Lair:2)
  5 centaur zombies
  3 crimson imps
  9 orc priests
  Crazy Yiuf (D:6)
  3 bullfrog skeletons (D:9)
  4 hounds
  2 centaur skeletons (D:5)
  14 orc wizards
  An iguana (D:9)
  32 worker ants
  3 big kobold zombies (Ossuary)
  5 mummies (Ossuary)
  A howler monkey zombie (D:7)
  2 worker ant zombies
  8 gnolls
  9 adders
  A howler monkey skeleton (D:10)
  3 shadow imps
  An adder zombie (D:9)
  2 oozes
  3 worms
  3 dart slugs
  6 leopard geckos
  44 orcs
  4 giant cockroaches
  4 goblins
  9 hobgoblins
  8 jackals
  23 kobolds
  2 quokkas
  3 ball pythons
  8 bats
  4 frilled lizards
  A hobgoblin zombie (Ossuary)
  3 quokka skeletons
  7 rats
  2 plants
408 creatures vanquished.

Vanquished Creatures (collateral kills)
  A two-headed ogre (D:8)
  A deep elf archer (D:9)
  2 elephants (Lair:3)
  A yak (Lair:3)
  A basilisk (shapeshifter) (D:9)
  A black bear (D:8)
  2 gnolls (D:8)
9 creatures vanquished.

Vanquished Creatures (others)
  69 fungi
  24 plants (Lair:3)
93 creatures vanquished.

Grand Total: 510 creatures vanquished

Notes
Turn   | Place    | Note
-------+----------+-------------------------------------------
     0 | D:1      | sking99 the Minotaur Berserker began the quest for the Orb.
     0 | D:1      | Reached XP level 1. HP: 19/19 MP: 0/0
    22 | D:1      | Reached skill level 4 in Maces & Flails
   309 | D:1      | Reached XP level 2. HP: 24/26 MP: 1/1
   931 | D:1      | Reached skill level 5 in Maces & Flails
   968 | D:1      | Reached XP level 3. HP: 27/31 MP: 2/2
  1377 | D:2      | Reached ** piety under Trog
  1842 | D:2      | Reached skill level 6 in Maces & Flails
  1842 | D:2      | Reached XP level 4. HP: 36/39 MP: 3/3
  3296 | D:4      | Found Dacut's Armour Boutique.
  3481 | D:4      | Noticed Edmund
  3489 | D:4      | Killed Edmund
  3489 | D:4      | Reached skill level 7 in Maces & Flails
  3489 | D:4      | Reached XP level 5. HP: 45/45 MP: 4/4
  3588 | D:4      | Reached skill level 8 in Maces & Flails
  3907 | D:4      | Reached XP level 6. HP: 51/51 MP: 5/5
  3929 | D:4      | Found a staircase to the Ecumenical Temple.
  3995 | D:5      | Entered Level 5 of the Dungeon
  3995 | D:5      | Noticed an orc warrior
  3997 | D:5      | Noticed an ice beast
  4004 | D:5      | Killed an orc warrior
  4004 | D:5      | Reached skill level 9 in Maces & Flails
  4006 | D:5      | Reached *** piety under Trog
  4015 | D:5      | Killed an ice beast
  4015 | D:5      | Reached XP level 7. HP: 57/57 MP: 6/6
  4078 | D:5      | Reached skill level 10 in Maces & Flails
  4438 | D:5      | Reached skill level 11 in Maces & Flails
  4736 | D:6      | Found a runed door.
  4772 | D:6      | Reached XP level 8. HP: 64/64 MP: 7/7
  4824 | D:6      | Got a dazzling leather armour
  4825 | D:6      | Identified the cursed +0 leather armour of the Wild Haggis {+Blink +Inv rN+ Int+2} (You found it on level 6 of the Dungeon)
  4916 | D:6      | Reached skill level 12 in Maces & Flails
  4953 | D:6      | Noticed Grinder
  4962 | D:6      | Killed Grinder
  5012 | D:6      | Reached **** piety under Trog
  5374 | D:6      | Reached skill level 13 in Maces & Flails
  5701 | D:6      | Noticed Crazy Yiuf
  5704 | D:6      | Killed Crazy Yiuf
  5773 | D:7      | Reached XP level 9. HP: 63/70 MP: 8/8
  5779 | D:7      | Reached skill level 14 in Maces & Flails
  5951 | D:7      | Reached skill level 5 in Fighting
  6038 | D:7      | Found Wairool's Gadget Emporium.
  6067 | D:7      | Found a sand-covered staircase.
  6078 | Ossuary  | Entered an ossuary
  6988 | D:7      | You fall through a shaft for 3 floors!
  6988 | D:10     | Entered Level 10 of the Dungeon
  7031 | D:10     | Reached skill level 5 in Armour
  7045 | D:10     | Reached ***** piety under Trog
  7086 | D:10     | Noticed Maurice
  7097 | D:10     | Killed Maurice
  7097 | D:10     | Reached skill level 5 in Dodging
  7293 | D:10     | Reached XP level 10. HP: 84/84 MP: 9/9
  7974 | D:9      | Found a staircase to the Orcish Mines.
  8084 | D:9      | Got a brightly glowing chain mail
  8085 | D:9      | Identified the +2 chain mail "Baifyxeunk" {+Blink} (You found it on level 9 of the Dungeon)
  8191 | D:9      | Noticed a red ugly thing
  8212 | D:9      | Killed a red ugly thing
  8221 | D:9      | Noticed a deep elf archer
  8225 | D:9      | Killed a deep elf archer
  8456 | D:9      | Found a hazy altar of Hepliaklqana.
  8682 | D:9      | Received a gift from Trog
  8941 | D:8      | Found a staircase to the Lair.
  9035 | D:8      | Noticed Joseph
  9043 | D:8      | Killed Joseph
  9054 | D:8      | Noticed a two-headed ogre
  9067 | D:8      | Killed a two-headed ogre
  9224 | D:8      | Reached XP level 11. HP: 94/97 MP: 10/10
  9505 | Lair:1   | Entered Level 1 of the Lair of Beasts
  9951 | Lair:1   | Noticed an oklob plant
 10320 | Lair:1   | Killed an oklob plant
 10320 | Lair:1   | Reached skill level 10 in Fighting
 10643 | Lair:2   | Reached skill level 10 in Armour
 10718 | Lair:2   | Found a hole to the Spider Nest.
 11473 | Lair:3   | Reached skill level 10 in Dodging
 11661 | Lair:3   | Reached XP level 12. HP: 110/110 MP: 11/11
 11851 | Lair:3   | Noticed a queen ant
 11860 | Lair:3   | Killed a queen ant
 12390 | Lair:3   | Noticed Rupert
 12396 | Lair:3   | Paralysed by Rupert for 6 turns
 12412 | Lair:3   | Killed Rupert
 12705 | Lair:3   | Noticed a four-headed hydra
 12714 | Lair:3   | Killed a four-headed hydra
 12714 | Lair:3   | Reached ****** piety under Trog
 12776 | Lair:3   | Reached XP level 13. HP: 110/119 MP: 13/15
 13136 | Lair:3   | Noticed a dire elephant
 13153 | Lair:3   | Slain by a dire elephant

Skill      XL: |  1  2  3  4  5  6  7  8  9 10 11 12 |
---------------+-------------------------------------+-----
Maces & Flails | 4 5 6 7 8 9 11 13 14 | 14.7
Fighting       | 6 9 11 12 | 12.7
Armour         | 5 8 11 12 | 12.4
Dodging        | 5 8 10 11 | 11.6
Evocations     | 4 |  4.4

Action                   |  1- 3 |  4- 6 |  7- 9 | 10-12 | 13-15 || total
-------------------------+-------+-------+-------+-------+-------++-------
Melee: Mace              |    87 |    54 |       |       |       ||   141
       Headbutt          |    12 |    11 |    69 |   197 |    22 ||   311
       Dire flail        |       |    29 |   301 |   749 |     6 ||  1085
       Great mace        |       |       |       |       |    50 ||    50
Invok: Berserk           |     1 |     5 |     8 |     6 |     1 ||    21
       Burn Spellbooks   |       |       |     1 |     1 |       ||     2
       Brothers in Arms  |       |       |       |     5 |       ||     5
       Trog's Hand       |       |       |       |     1 |     1 ||     2
  Use: Scroll            |       |     9 |     6 |     6 |     1 ||    22
 Stab: Distracted        |     1 |       |       |     1 |       ||     2
       Sleeping          |       |     1 |       |       |       ||     1
  Eat: Chunk             |     4 |    10 |    18 |    17 |       ||    49
       Ration            |       |       |       |     2 |     1 ||     3
Armor: Animal skin       |    17 |     6 |       |       |       ||    23
       Ring mail         |       |     3 |       |       |       ||     3
       Leather armour    |       |    11 |     1 |       |       ||    12
       Chain mail        |       |       |    74 |   186 |    36 ||   296
       Plate armour      |       |       |    36 |    42 |       ||    78
Dodge: Dodged            |    64 |    34 |    82 |   270 |    62 ||   512
Block: Other             |       |       |    23 |   110 |    20 ||   153
       Reflection        |       |       |     4 |       |       ||     4
